 Dungeon Crawl Stone Soup version 0.29.1-1-gd02db6906a (webtiles) character file.

Game seed: 13861410369759470786

151 inmateoo the Ducker (level 5, -4/32 HPs)
             Began as a Tengu Gladiator on Sept 24, 2022.
             Slain by an orc
             ... wielding a +0 war axe
              (7 damage)
             ... on level 2 of the Dungeon.
             The game lasted 00:02:05 (2854 turns).

inmateoo the Ducker (Tengu Gladiator)               Turns: 2854, Time: 00:02:06

Health: -4/32      AC:  4    Str: 14    XL:     5   Next: 33%
Magic:  6/6        EV: 16    Int:  8    God:
Gold:   111        SH:  0    Dex: 18    Spells: 4/4 levels left

rFire   . . .      SeeInvis .   a - +0 long sword
rCold   . . .      Faith    .   (no shield)
rNeg    . . .      Spirit   .   b - +0 leather armour
rPois   .          Reflect  .   c - +0 hat
rElec   .          Harm     .   t - +0 cloak
rCorr   .          Rampage  .   (no gloves)
Will    .....                   (boots unavailable)
Stlth   +.........              (no amulet)
HPRegen 0.10/turn               (no ring)
MPRegen 0.10/turn               (no ring)

@: about to teleport, attractive, flying quickly and evasively, quick
A: beak, talons 3, nimble flight
a: no special abilities


You were on level 2 of the Dungeon.
You visited 1 branch of the dungeon, and saw 3 of its levels.

You collected 111 gold pieces.

Inventory:

Hand Weapons
 a - a +0 long sword (weapon)
Missiles
 d - 2 throwing nets (quivered)
 e - a javelin
 u - 2 poisoned darts
Armour
 b - a +0 leather armour (worn)
 c - a +0 hat (worn)
 t - a +0 cloak (worn)
Jewellery
 s - a +4 ring of evasion
Scrolls
 f - a scroll of teleportation
 g - 2 scrolls of identify {unknown}
 h - a scroll of fog {unknown}
 k - a scroll of blinking {unknown}
 n - a scroll of vulnerability {unknown}
 p - a scroll of torment {unknown}
 r - a scroll of noise {unknown}
Potions
 i - a potion of degeneration {unknown}
 j - a potion of heal wounds {unknown}
 l - a potion of attraction
 m - a potion of cancellation {unknown}
 o - a potion of lignification {unknown}
 q - a potion of might {unknown}


   Skills:
 * Level 3.2 Fighting
 * Level 4.4 Long Blades
 - Level 2.0 Throwing
 + Level 1.6 Armour
 * Level 4.4 Dodging


You had 4 spell levels left.
You didn't know any spells.
Your spell library contained the following spells:

 Spells                   Type           Power      Damage    Failure   Level
 Shock                    Conj/Air       0%         1d3       47%         1
 Swiftness                Air            0%         N/A       85%         3
 Airstrike                Air            0%         2d(0-16)  99%         4


Dungeon Overview and Level Annotations

Branches:
Dungeon (3/15)

Altars:


Innate Abilities, Weirdness & Mutations

You have a beak for a mouth.
You have claws for feet.
Your magical nature lets you fly swiftly and evasively.


Message History

You closely miss the orc. You claw the orc, but do no damage.
The orc barely misses you.
You slash the orc!
You kill the orc!
Items here: ( ) [ †.
There is a stone staircase leading down here.
You fly downwards.
You hear the sound of rushing water.
There is an entrance to a sewer on this level.
Hurry and find it before the portal rusts away!
The kobold shouts!
The orc barely misses you.
The orc priest mumbles some strange prayers to Beogh against you.
Beogh smites you! The orc barely misses you.
There is a stone staircase leading up here.
The orc closely misses you. The orc hits you with a +0 flail.
The orc wizard closely misses you.
You fly upwards.
There is a stone staircase leading down here.
You closely miss the orc wizard.
The orc wizard hits you with a +0 dagger.
The orc hits you but does no damage. The orc misses you.
You hit the orc wizard. You peck the orc wizard.
The orc wizard is lightly wounded.
The orc wizard completely misses you. The orc closely misses you.
The orc hits you with a +0 flail!
* * * LOW HITPOINT WARNING * * *
The orc wizard closely misses you. The orc hits you with a +0 war axe.
* * * LOW HITPOINT WARNING * * *
The orc misses you.
Unknown command.
As you read the scroll labelled YFREGUHUWKI, it crumbles to dust.
You feel strangely unstable.
It was a scroll of teleportation.
The orc wizard misses you. The orc completely misses you.
The orc hits you with a +0 flail.
* * * LOW HITPOINT WARNING * * *
Unknown command.
It was a potion of attraction.
You feel attractive to monsters. The orc wizard closely misses you.
The orc hits you with a +0 war axe!
You die...

######## .......#
#.####.# .#.###.#
###..#.# # #....#
######### #....#
#.......# ##..##
##.....o# ♣..P.♣
##.###.@# ♣♣PP.♣
#....#oo# ♣♣.♣♣
####.#..##### ♣♣.♣
#.#......# ♣.♣♣
####.##.###.# ♣♣.♣
#....##.# #.# ♣.♣♣
#######.# #.# ##)##
#######.###.## #...#
#........#...###########


You could see an orc wizard and 2 orcs.

Vanquished Creatures
  Crazy Yiuf (D:2)
  3 adders
  A gnoll (D:1)
  3 worms
  3 dart slugs
  An orc (D:2)
  10 bats
  8 endoplasms
  2 giant cockroaches
  A goblin (D:1)
  4 hobgoblins (D:2)
  10 jackals
  6 kobolds
  A quokka (D:1)
  8 ball pythons
  2 frilled lizards
  2 rats (D:1)
66 creatures vanquished.

Notes
Turn   | Place    | Note
-------+----------+-------------------------------------------
     0 | D:1      | inmateoo the Tengu Gladiator began the quest for the Orb.
     0 | D:1      | Reached XP level 1. HP: 12/12 MP: 2/2
    82 | D:1      | Reached XP level 2. HP: 17/17 MP: 3/3
   384 | D:1      | Reached XP level 3. HP: 22/22 MP: 4/4
   924 | D:1      | Found a faded altar of an unknown god.
  1074 | D:1      | Reached skill level 1 in Armour
  1270 | D:2      | Reached XP level 4. HP: 24/27 MP: 5/5
  2403 | D:2      | Found a runed translucent door.
  2404 | D:2      | Noticed Crazy Yiuf
  2440 | D:2      | Killed Crazy Yiuf
  2441 | D:2      | Gained mutation: Your magical nature lets you fly swiftly
                  | and evasively. [Tengu growth]
  2441 | D:2      | Reached XP level 5. HP: 32/32 MP: 6/6
  2854 | D:2      | Slain by an orc

Illustrated notes

Levels and vault maps discovered:
D:1:      lightli_arrival_statue_moat, layout_loops_corners,
          shapermc_ecumenical_altar_notcrosses
D:2:      layout_loops_ring, uniq_crazy_yiuf_cottage
D:3:      layout_rooms, cheibrodos_sewer_entry_bend, kennysheep_generic_room_15

Skill      XL: |  1  2  3  4 |
---------------+-------------+-----
Long Blades    | 4 |  4.4
Armour         | 1 |  1.6
Dodging        | 4 |  4.4
Fighting       | 3 |  3.2
Throwing       | |  2.0

Action                   |  1- 3 |  4- 6 || total
-------------------------+-------+-------++-------
Melee: Long sword        |    72 |    66 ||   138
       Kick              |    14 |    16 ||    30
       Peck              |     5 |    12 ||    17
       Punch             |     1 |       ||     1
Throw: Throwing net      |       |     1 ||     1
  Use: Scroll            |       |     1 ||     1
       Potion            |       |     1 ||     1
 Stab: Sleeping          |     2 |     1 ||     3
Armor: Leather armour    |    23 |    19 ||    42
Dodge: Dodged            |    69 |    57 ||   126
